 Dungeon Crawl Stone Soup version 0.20.0-1-g1cb1d84 (webtiles) character file.

93 inmateoo the Ruffian (level 4, -6/39 HPs)
             Began as a Minotaur Monk on May 27, 2017.
             Killed by nerve-wracking pain
             ... invoked by Grinder
              (11 damage)
             ... on level 3 of the Dungeon.
             The game lasted 00:02:27 (2209 turns).

inmateoo the Ruffian (Minotaur Monk)                Turns: 2209, Time: 00:02:28

Health: -6/39      AC:  5    Str: 16    XL:     4   Next: 36%
Magic:  3/3        EV: 12    Int:  7    God:
Gold:   168        SH:  0    Dex: 13    Spells: 3/3 levels left

rFire    . . .     SeeInvis .     - Unarmed
rCold    . . .     Gourm    .   (no shield)
rNeg     . . .     Faith    .   i - +0 leather armour
rPois    .         Spirit   .   (helmet restricted)
rElec    .         Reflect  .   (no cloak)
rCorr    .         Harm     .   (no gloves)
MR       .....                  a - +1 pair of boots
Stlth    +.........             (no amulet)
Regen    0.2/turn               (no ring)
MPRegen  0.1/turn               (no ring)

@: drained
A: retaliatory headbutt, horns 2
a: no special abilities


You were on level 3 of the Dungeon.
You were very hungry.

You visited 1 branch of the dungeon, and saw 3 of its levels.

You collected 168 gold pieces.

Inventory:

Armour
 a - a +1 pair of boots (worn)
 i - a +0 leather armour (worn)
Scrolls
 c - 3 scrolls of remove curse
 d - a scroll of enchant armour {unknown}
 f - a scroll of random uselessness {unknown}
 g - 7 scrolls of identify {unknown}
 n - a scroll of magic mapping {unknown}
Potions
 j - 2 potions of lignification {unknown}
 k - a potion of brilliance {unknown}
 l - a potion of haste {unknown}
 m - a potion of mutation {unknown}
Comestibles
 b - a bread ration
 h - a meat ration


   Skills:
 - Level 3.6(2.7) Fighting
 - Level 3.2(2.4) Dodging
 - Level 1.5(0.7) Stealth
 + Level 5.7(4.8) Unarmed Combat


You had 3 spell levels left.
You didn't know any spells.

Dungeon Overview and Level Annotations

Branches:
Dungeon (3/15)

Altars:
Dithmenos
Elyvilon
Kikubaaqudgha
Makhleb
Okawaru
Vehumet

Annotations:
D:3 Grinder


Innate Abilities, Weirdness & Mutations

You reflexively headbutt those who attack you in melee.
You have a pair of horns on your head.


Message History

You start resting.
Grinder blinks!
You start resting.
Grinder blinks!
You start resting.
You hit Grinder.
Grinder is severely wounded.
Grinder gestures at you.
You suddenly lose the ability to move!
Grinder gestures at you. Pain shoots through your body! Grinder hits you!
* * * LOW HITPOINT WARNING * * *
Grinder blinks!
You can move again.
Unknown command.
Unknown command.
Grinder gestures at you. Pain shoots through your body!
You die...

#..### #.......# #)....#
###....## #.......# #.#.#.#
#.......# #.......# #.#)#.#
#.#.##..#.#.......# #.#...#
#.#...#...#.......# #.##..#
#.##.###.##.......###.##..#
#.##..#.###.....†..##.....#
#.##.#..# ########.#####.##
#.......# #.@.....# #.# ####.####
#.#####.# #.# #.......#
##.#####.# #.#
###...$##.###.#...##.#####.####
#..._.......5..#..............#
..._..._.#5####.......#####.###.#
...........# ###.##### #.#####
.....⌠.....# #...# #.##.. .
..........## #...# #.##.##.


You could see Grinder.

Vanquished Creatures
  4 adders (D:2)
  3 worms (D:2)
  3 dart slugs
  3 giant cockroaches (D:2)
  4 goblins
  5 hobgoblins
  4 jackals (D:2)
  2 ball pythons
  2 bats (D:2)
  4 frilled lizards
  5 kobolds
  5 rats
44 creatures vanquished.

Notes
Turn   | Place    | Note
-------+----------+-------------------------------------------
     0 | D:1      | inmateoo the Minotaur Monk began the quest for the Orb.
     0 | D:1      | Reached XP level 1. HP: 19/19 MP: 0/0
   199 | D:1      | Reached skill level 4 in Unarmed Combat
   199 | D:1      | Reached XP level 2. HP: 21/26 MP: 1/1
  1036 | D:2      | Reached XP level 3. HP: 31/31 MP: 2/2
  1535 | D:2      | Reached skill level 5 in Unarmed Combat
  1624 | D:2      | Reached XP level 4. HP: 39/39 MP: 3/3
  1921 | D:3      | Found a shadowy altar of Dithmenos.
  1923 | D:3      | Found a white marble altar of Elyvilon.
  1923 | D:3      | Found an ancient bone altar of Kikubaaqudgha.
  1924 | D:3      | Found an iron altar of Okawaru.
  1924 | D:3      | Noticed Grinder
  1925 | D:3      | Found a radiant altar of Vehumet.
  1925 | D:3      | Found a burning altar of Makhleb.
  2155 | D:3      | Paralysed by Grinder for 7 turns
  2165 | D:3      | Paralysed by Grinder for 4 turns
  2201 | D:3      | Paralysed by Grinder for 6 turns
  2209 | D:3      | Killed from afar by Grinder

Skill      XL: |  1  2  3 |
---------------+----------+-----
Unarmed Combat | 4 5 |  5.7
Fighting       | |  3.6
Dodging        | |  3.2
Stealth        | |  1.5

Action                   |  1- 3 |  4- 6 || total
-------------------------+-------+-------++-------
Melee: Unarmed           |   109 |    36 ||   145
       Headbutt          |    14 |     9 ||    23
       Punch             |       |     1 ||     1
  Use: Scroll            |     1 |     1 ||     2
       Potion            |       |     2 ||     2
  Eat: Chunk             |     2 |     1 ||     3
Armor: Robe              |     1 |       ||     1
       Leather armour    |    32 |     6 ||    38
Dodge: Dodged            |    70 |    12 ||    82
